Map: Dusk Towers

Players

아이린 - Winner!

  • Race: Terran Terran
  • League: Diamond

ILLBdA

  • Race: Protoss Protoss
  • League: Diamond

VOD

Have the link to the VOD?

Description

Time

  • Played on: Dec. 22, 2015, 8:08 a.m.
  • Length: 13:03
Show
View Real Time Build Order
Export as new Build Order

아이린 Terran - Winner!

Build Orders: Command Center First (CC), MMM Bio 

Get SALT Encoding   

  12  0:00  SCV  
  13  0:13  SCV  
  14  0:18  Supply Depot  
  14  0:25  SCV  
  15  0:39  SCV  
  16  0:51  SCV  
  17  1:01  Command Center  
  17  1:06  SCV  
  18  1:18  SCV, Barracks  
  19  1:31  SCV, Barracks  
  20  1:46  Barracks  
  20  1:50  SCV  
  21  2:08  Marine  
  22  2:11  Orbital Command  
  22  2:13  Orbital Command  
  22  2:17  Refinery  
  22  2:20  Refinery, Marine  
  23  2:29  Marine  
  24  2:31  Supply Depot  
  24  2:34  Marine  
  25  2:40  SCV  
  26  2:44  Marine  
  26  2:47  SCV, Marine  
  29  2:52  SCV  
  29  2:54  Bunker  
  30  3:01  Barracks Tech Lab  
  30  3:02  Marine  
  30  3:03  SCV  
  30  3:04  SCV  
  30  3:05  Marine  
  33  3:15  SCV  
  33  3:16  SCV  
  33  3:17  Supply Depot  
  35  3:21  Stimpack  
  35  3:27  Supply Depot  
  35  3:28  SCV x2  
  37  3:38  Factory  
  37  3:40  SCV  
  37  3:41  SCV  
  39  3:47  Marauder, Marine  
  42  3:49  Marine  
  42  3:53  SCV x2  
  45  4:05  Engineering Bay  
  45  4:12  Barracks Reactor  
  45  4:13  Marauder, Marine  
  45  4:15  SCV x2  
  50  4:27  SCV x2, Engineering Bay  
  52  4:31  Supply Depot  
  52  4:32  Starport  
  52  4:36  Marine  
  53  4:39  SCV x2  
  53  4:41  Refinery  
  55  4:46  Supply Depot  
  55  4:54  Marine, Marauder  
  55  4:55  Barracks Reactor, Liberator, Marine  
  55  4:56  SCV  
  60  5:03  Missile Turret x2  
  60  5:07  SCV  
  60  5:08  SCV  
  60  5:12  Marine x2  
  67  5:16  Marauder  
  67  5:18  Supply Depot  
  69  5:21  Combat Shields  
  69  5:22  SCV  
  69  5:27  Refinery  
  70  5:31  Missile Turret  
  70  5:32  Marine  
  70  5:33  Marine x3  
  74  5:36  SCV  
  74  5:37  Marauder  
  74  5:39  Supply Depot  
  74  5:41  Supply Depot  
  77  5:48  SCV  
  78  5:57  Starport Reactor  
  78  5:59  Marine  
  78  6:00  Marauder, Marine  
  78  6:03  Terran Infantry Weapons Level 1, Terran Infantry Armor Level 1  
  82  6:06  Supply Depot  
  82  6:11  Supply Depot  
  82  6:16  Command Center  
  82  6:20  SCV  
  82  6:22  Marauder  
  82  6:23  SCV  
  82  6:25  Marine x3  
  89  6:39  Marine  
  90  6:40  Medivac x2  
  90  6:43  Marauder, Marine x2  
  98  6:50  Marine  
  98  6:51  Supply Depot  
  99  6:55  Barracks  
  99  6:57  Marine  
  100  7:03  Marine x2  
  100  7:04  Marauder  
  100  7:07  SCV  
  105  7:10  Medivac x2  
  109  7:22  Marine x3  
  111  7:24  SCV  
  111  7:26  Supply Depot, Marauder  
  111  7:29  Armory  
  115  7:32  Supply Depot, Orbital Command  
  115  7:37  Supply Depot  
  115  7:40  Medivac  
  117  7:47  Marauder  
  119  8:09  Marauder  
  118  8:13  Marine x3  
  118  8:15  Barracks Tech Lab  
  118  8:19  Marine  
  122  8:30  Orbital Command, Marauder  
  122  8:31  Marine x2  
  126  8:35  Marine  
  126  8:36  Medivac x2  
  126  8:37  Marine  
  114  8:49  Marine x2  
  114  8:51  Marauder  
  114  8:53  Marine  
  114  8:55  Marine  
  118  8:58  SCV x2  
  120  9:04  Marauder  
  120  9:06  Marine, Medivac x2  
  120  9:07  Marine  
  128  9:10  SCV, Marine  
  128  9:11  Barracks  
  128  9:12  Marine  
  128  9:13  Barracks, Marauder  
  128  9:14  SCV  
  134  9:22  SCV  
  125  9:24  Marine x2  
  125  9:25  Marauder  
  125  9:28  Marine  
  125  9:30  Marine  
  131  9:34  Marauder  
  131  9:36  Medivac x2  
  137  9:40  SCV  
  137  9:41  SCV  
  137  9:42  Marine x2  
  141  9:46  Marauder, Marine  
  141  9:48  Marine  
  145  9:56  Marauder  
  135  10:00  Command Center, Marine x2  
  135  10:04  Marine  
  135  10:06  Marine  
  139  10:07  SCV  
  139  10:08  Marauder  
  136  10:17  Marauder  
  136  10:18  Marine x2  
  136  10:19  SCV  
  138  10:22  Marine  
  138  10:24  Marine  
  108  10:29  Marauder  
  96  10:35  Marine  
  96  10:36  Marine  
  96  10:38  Marauder  
  96  10:39  Marine  
  96  10:41  Marine  
  93  10:50  Marauder  
  93  10:51  Barracks Reactor, Medivac x2  
  93  10:52  Barracks Tech Lab, Widow Mine  
  93  10:53  Marine x2  
  93  10:55  Starport  
  103  10:57  Marine  
  103  10:59  Marine  
  103  11:00  Marauder  
  103  11:03  SCV  
  103  11:04  SCV x2  
  110  11:11  Marine x3  
  110  11:15  SCV, Liberator, Marine  
  110  11:16  SCV  
  110  11:17  Marine  
  117  11:21  Marauder, Widow Mine  
  121  11:28  Planetary Fortress  
  121  11:29  Marine x3  
  121  11:31  Missile Turret  
  124  11:33  Marine  
  124  11:34  Liberator  
  124  11:35  Marine  
  129  11:42  Marauder  
  131  11:47  Marauder, Marine x2  
  131  11:50  Starport Reactor  
  131  11:51  Marine  
  131  11:53  Marine x4  
  143  11:54  Concussive Shells  
  143  11:58  Liberator  
  143  12:01  Refinery  
  143  12:04  Marauder  
  145  12:09  Marauder  
  145  12:11  Marauder  
  129  12:25  Marauder  
  129  12:27  Marine x3  
  129  12:28  Marine  
  135  12:30  Marauder  
  135  12:33  Marauder  
  135  12:36  SCV  
  143  12:38  Missile Turret  
  143  12:42  Refinery  
  143  12:45  SCV  
  143  12:48  SCV  
Show
View Real Time Build Order
Export as new Build Order

ILLBdA Protoss 

Build Orders: 1 Gate Expand 

Get SALT Encoding   

  12  0:01  Probe (Chrono Boost)  
  13  0:11  Probe (Chrono Boost)  
  14  0:19  Pylon  
  14  0:22  Probe (Chrono Boost)  
  15  0:37  Gateway  
  15  0:38  Probe (Chrono Boost)  
  15  0:42  Assimilator  
  16  0:48  Probe (Chrono Boost)  
  17  0:59  Probe (Chrono Boost)  
  18  1:09  Probe (Chrono Boost)  
  19  1:20  Probe (Chrono Boost)  
  20  1:27  Nexus  
  21  1:33  Probe (Chrono Boost)  
  21  1:34  Pylon  
  21  1:39  Assimilator  
  21  1:43  Probe (Chrono Boost)  
  22  1:51  Cybernetics Core  
  22  1:54  Probe (Chrono Boost)  
  23  2:06  Gateway  
  24  2:08  Probe (Chrono Boost)  
  24  2:19  Probe (Chrono Boost)  
  25  2:27  Stalker (Chrono Boost)  
  25  2:29  Warp Gate  
  29  2:30  Mothership Core (Chrono Boost)  
  29  2:39  Probe (Chrono Boost)  
  30  2:50  Probe x2 (Chrono Boost)  
  32  2:54  Stalker  
  34  2:58  Stalker  
  34  3:01  Probe x2 (Chrono Boost)  
  38  3:19  Robotics Facility  
  38  3:21  Probe x2 (Chrono Boost)  
  38  3:24  Pylon  
  40  3:27  Sentry  
  40  3:32  Probe (Chrono Boost)  
  43  3:43  Probe (Chrono Boost)  
  43  3:45  Adept  
  46  3:57  Gateway  
  46  4:02  Gateway  
  46  4:05  Gateway x2  
  46  4:09  Warp Prism (Chrono Boost)  
  48  4:18  Probe (Chrono Boost)  
  48  4:21  Pylon  
  48  4:22  Pylon  
  49  4:37  Pylon  
  49  4:39  Assimilator  
  49  4:43  Assimilator  
  49  4:49  Observer (Chrono Boost)  
  49  4:50  Probe x2  
  52  5:00  Twilight Council  
  52  5:01  Probe  
  52  5:03  Probe  
  54  5:07  Pylon  
  54  5:10  Immortal (Chrono Boost)  
  54  5:12  Probe  
  59  5:15  Probe  
  60  5:22  Probe  
  60  5:27  Probe  
  62  5:34  Probe  
  63  5:36  Blink (Chrono Boost)  
  63  5:37  Stalker  
  63  5:38  Stalker x4  
  63  5:39  Stalker  
  75  5:47  Robotics Bay  
  75  5:48  Immortal  
  79  5:59  Probe  
  79  6:01  Pylon  
  80  6:10  Probe  
  81  6:16  Pylon  
  81  6:22  Immortal  
  81  6:26  Probe  
  84  6:42  Stalker x2  
  84  6:43  Stalker x2  
  92  6:48  Stalker x2  
  96  6:56  Disruptor  
  96  7:04  Pylon  
  99  7:21  Nexus  
  99  7:24  Pylon  
  99  7:27  Disruptor, Pylon  
  99  7:29  Forge, Pylon  
  99  7:30  Stalker  
  104  7:48  Adept x2  
  104  7:58  Disruptor  
  102  8:00  Stalker x5  
  102  8:01  Resonating Glaives  
  113  8:05  Protoss Ground Armor Level 1  
  113  8:11  Photon Cannon  
  108  8:22  Stalker x2  
  111  8:33  Probe, Pylon  
  104  8:50  Stalker x2  
  104  8:51  Probe  
  104  8:52  Probe  
  108  9:02  Disruptor  
  105  9:25  Stalker  
  105  9:26  Stalker x2  
  105  9:28  Stalker  
  111  9:34  Stalker  
  110  9:46  Zealot x2  
  114  9:59  Zealot x3  
  118  10:02  Stalker  
  77  10:41  Disruptor  
  68  10:45  Stalker x3  
  68  10:46  Stalker x3  
  75  10:54  Assimilator  
  75  10:55  Probe x3  
  77  10:58  Assimilator  
  78  11:07  Stalker  
  78  11:08  Stalker  
  78  11:10  Stalker x2  
  86  11:13  Stalker x2  
  90  11:24  Disruptor  
  90  11:32  Stalker x2  
  97  11:40  Stalker x3  
  103  11:50  Pylon  
  103  11:53  Pylon  
  103  11:57  Disruptor  
  103  12:01  Gateway x2  
  103  12:02  Gateway  
  103  12:04  Stalker  
  103  12:07  Stalker x2  
  112  12:21  Stalker x2  
  101  12:33  Observer  
  101  12:35  Stalker  
  101  12:37  Stalker x2  
  108  12:54  Stalker x3  
Tags
 
Add a new tag
Caveats
  • Supply blocks, unpowered buildings, or Contaminate may cause inaccurate times.
  • Supply counts are checked every 10 seconds.